 Dungeon Crawl Stone Soup version 0.17-a0-764-gd40c196 (console) character file.

814 sose the Destroyer (level 7, -1/36 HPs)
             Began as a Deep Elf Conjurer on Apr 23, 2015.
             Slain by Prince Ribbit (16 damage)
             ... on level 5 of the Dungeon.
             The game lasted 00:11:36 (4544 turns).

sose the Destroyer (Deep Elf Conjurer)              Turns: 4544, Time: 00:11:37

Health: -1/36      AC:  5    Str:  7    XL:     7   Next: 62%
Magic:  4/18       EV: 13    Int: 22    God:
Gold:   218        SH:  0    Dex: 15    Spells: 5 memorised, 3 levels left

rFire  + . .     SeeInvis +     y - +8 rapier of Saltpetre {freeze, rC+}
rCold  + . .     Clarity  .     A - +2 robe of Ajudyakh {+Fly rF+ SInv Stlth+}
rNeg   . . .     SustAb   .     (no shield)
rPois  .         Gourm    +     (no helmet)
rElec  .         Spirit   .     (no cloak)
rCorr  .         Warding  .     s - +0 pair of gloves (curse)
rMut   .         Stasis   .     (no boots)
MR     .....                    m - amulet of the gourmand
Stlth  +++.......               (no ring)
                                k - +2 ring of strength

@: lethally poisoned (-1 -> -3), not resistant to hostile enchantments, fairly
stealthy
A: no striking features
a: Evoke Flight


You were on level 5 of the Dungeon.
You were very hungry.

You visited 1 branch of the dungeon, and saw 5 of its levels.

You collected 218 gold pieces.

Inventory:

Hand weapons
 u - a +2 dagger of chaos
 y - the +8 rapier of Saltpetre (weapon) {freeze, rC+}
   (You found it on level 4 of the Dungeon)

   It has been specially enchanted to freeze those struck by it, causing extra
   injury to most foes and up to half again as much damage against particularly
   susceptible opponents.
   It can also slow down cold-blooded creatures.
   It protects you from cold.
Armour
 a - a +0 robe
 o - a +0 buckler
 s - a cursed +0 pair of gloves (worn)
 A - the +2 robe of Ajudyakh (worn) {+Fly rF+ SInv Stlth+}
   (You found it on level 4 of the Dungeon)

   It protects you from fire.
   It enhances your eyesight.
   It lets you fly.
   It makes you more stealthy.
Jewellery
 k - a +2 ring of strength (left hand)
 m - an amulet of the gourmand (around neck)
Magical devices
 v - a wand of cold (9)
 x - a wand of magic darts (38)
 B - a wand of slowing (7)
 C - a wand of teleportation (5)
Scrolls
 e - 3 scrolls of blinking {unknown}
 g - 6 scrolls of identify {unknown}
 j - a scroll of enchant weapon {unknown}
 n - a scroll of remove curse {unknown}
 q - a scroll of noise {unknown}
 r - a scroll of amnesia {unknown}
 w - a scroll of enchant armour {unknown}
Potions
 d - 2 potions of brilliance {unknown}
 h - 3 potions of curing {unknown}
 l - a potion of mutation {unknown}
 p - a potion of ambrosia {unknown}
Books
 b - a book of Conjurations

   Spells                             Type                      Level
   a - Magic Dart                     Conjuration                  1
   b - Searing Ray                    Conjuration                  2
   c - Dazzling Spray                 Conjuration/Hexes            3
   d - Fulminant Prism                Conjuration/Hexes            4
   e - Iskenderun's Mystic Blast      Conjuration                  4
   f - Iskenderun's Battlesphere      Conjuration/Charms           5
Comestibles
 c - 4 bread rations
 f - a meat ration
 i - 2 beef jerkies
 t - 4 fruits


   Skills:
 - Level 2.4 Dodging
 - Level 2.4 Stealth
 - Level 6.2 Spellcasting
 + Level 8.5 Conjurations
 + Level 4.8 Charms


You had 3 spell levels left.
You knew the following spells:

 Your Spells              Type           Power        Failure   Level  Hunger
a - Magic Dart            Conj           ####         1%          1    None
b - Searing Ray           Conj           #####.       1%          2    None
c - Dazzling Spray        Conj/Hex       ####....     6%          3    #......
d - Iskenderun's Mystic   Conj           #####...     2%          4    ###....
e - Iskenderun's Battles  Conj/Chrm      #####...     17%         5    #####..


Dungeon Overview and Level Annotations

Branches:
Dungeon (5/15)
 Temple: D:4-7

Altars:
Dithmenos
Elyvilon
Xom

Shops:
D:5 [

Annotations:
D:5 Prince Ribbit


Message History

Aim: Prince Ribbit The magic dart hits Prince Ribbit.
Prince Ribbit is lightly wounded.
You feel sick.
Your battlesphere fires!
The barrage of energy hits Prince Ribbit.
Prince Ribbit is moderately wounded.
Prince Ribbit hits you!
Casting: Magic Dart
Confirm with . or Enter, or press ? or * to list all spells.
Aiming: Magic Dart
Press: ? - help, Shift-Dir - straight line, f/p - Prince Ribbit
Aim: Prince Ribbit (moderately wounded)
The magic dart hits Prince Ribbit.
Prince Ribbit is heavily wounded.
Your battlesphere fires!
The barrage of energy hits Prince Ribbit.
Prince Ribbit is heavily wounded.
Prince Ribbit hits you!
You die...

.........###...............
#.....#### ##..............
.....## #...............
.....## #..............#
#.....## #........##....#
#......### #..#.....## ..#
#........# ..##......#
......##....# #......#
.......##..## #.@F.#....#
.....<.# #.# #....#...##
......### .# #.......##
......... #.*......#
......... ....####.#
......... .....# .###......
###..# ## #.....). ##.. #
#....#. #


You could see Prince Ribbit.

Vanquished Creatures
  The ghost of sose the Conjurer, an average HECj (D:4)
  An ogre (D:5)
  A hound (D:4)
  3 orc priests (D:3)
  Jessica (D:2)
  A giant frog skeleton (D:5)
  2 worker ants
  2 orc wizards (D:5)
  11 gnolls (D:3)
  11 adders
  3 worms
  A giant gecko (D:3)
  7 orcs
  2 giant cockroaches
  6 hobgoblins
  6 jackals (D:3)
  3 quokkas
  3 ball pythons
  19 bats
  4 giant newts
  7 goblins
  13 kobolds
  8 rats
116 creatures vanquished.

Notes
Turn   | Place    | Note
--------------------------------------------------------------
     0 | D:1      | sose, the Deep Elf Conjurer, began the quest for the Orb.
     0 | D:1      | Reached XP level 1. HP: 10/10 MP: 6/6
     2 | D:1      | Noticed a felid
     6 | D:1      | Noticed a minotaur
     6 | D:1      | Noticed a vine stalker
     8 | D:1      | Noticed an elf
     8 | D:1      | Noticed a formicid
    10 | D:1      | Noticed an ogre
    10 | D:1      | Noticed a centaur
    12 | D:1      | Noticed a demonspawn
    12 | D:1      | Noticed a human
    14 | D:1      | Noticed a draconian
    14 | D:1      | Noticed a troll
    16 | D:1      | Noticed a gargoyle
    16 | D:1      | Noticed a vampire
    18 | D:1      | Noticed an octopode
    18 | D:1      | Noticed a dwarf
    20 | D:1      | Noticed a ghoul
    20 | D:1      | Noticed a demigod
    22 | D:1      | Noticed a tengu
    22 | D:1      | Noticed a merfolk
    24 | D:1      | Noticed a naga
    26 | D:1      | Noticed a spriggan
   157 | D:1      | Reached XP level 2. HP: 15/15 MP: 0/8
   185 | D:1      | Reached skill level 5 in Conjurations
   597 | D:1      | Learned a level 2 spell: Searing Ray
   699 | D:2      | Reached XP level 3. HP: 15/19 MP: 2/9
   808 | D:2      | Reached skill level 6 in Conjurations
   836 | D:2      | Reached XP level 4. HP: 18/24 MP: 1/10
   938 | D:2      | Learned a level 3 spell: Dazzling Spray
   997 | D:2      | Noticed Jessica
  1000 | D:2      | Killed Jessica
  1298 | D:2      | Learned a level 4 spell: Iskenderun's Mystic Blast
  1384 | D:3      | Reached XP level 5. HP: 16/28 MP: 2/13
  1770 | D:3      | Reached skill level 5 in Spellcasting
  2076 | D:3      | Reached skill level 7 in Conjurations
  2356 | D:3      | Reached XP level 6. HP: 20/32 MP: 11/16
  2476 | D:3      | Learned a level 5 spell: Iskenderun's Battlesphere
  2736 | D:3      | Reached skill level 1 in Charms
  2889 | D:3      | Found a shimmering altar of Xom.
  3250 | D:4      | Noticed sose's ghost (average HECj)
  3256 | D:4      | Killed sose's ghost
  3256 | D:4      | Reached XP level 7. HP: 36/36 MP: 7/18
  3349 | D:4      | Got a smoking rapier
  3350 | D:4      | Identified the +8 rapier of Saltpetre {freeze, rC+} (You found it on level 4 of the Dungeon)
  3451 | D:4      | Got a slimy robe
  3462 | D:4      | Identified the +2 robe of Ajudyakh {+Fly rF+ SInv Stlth+} (You found it on level 4 of the Dungeon)
  3873 | D:5      | Entered Level 5 of the Dungeon
  3887 | D:5      | Reached skill level 8 in Conjurations
  3999 | D:5      | Found Dyshaw's Armour Shop.
  4493 | D:5      | Found a shadowy altar of Dithmenos.
  4493 | D:5      | Found a white marble altar of Elyvilon.
  4541 | D:5      | Noticed Prince Ribbit
  4544 | D:5      | Slain by Prince Ribbit

Action                   |  1- 3 |  4- 6 |  7- 9 || total
-------------------------+-------+-------+-------++-------
Melee: Unarmed           |       |    18 |       ||    18
       Dagger            |       |    12 |     1 ||    13
       Rapier            |       |       |    23 ||    23
 Cast: Magic Dart        |    62 |    77 |    10 ||   149
       Searing Ray       |       |    17 |     4 ||    21
       Iskenderun's Myst |       |     2 |     2 ||     4
       Iskenderun's Batt |       |     1 |     1 ||     2
       Dazzling Spray    |       |       |     3 ||     3
 Stab: Sleeping          |       |     1 |     2 ||     3
  Eat: Chunk             |       |     7 |     3 ||    10
       Fruit             |       |       |     2 ||     2
